 Dungeon Crawl Stone Soup version 0.29-a0-453-gf113fcf677 (webtiles) character file.

Game seed: 5884531756477806140

12990 Bruhh the Fighter (level 12, -1/131 HPs)
             Began as an Ogre Fighter on May 20, 2022.
             Was a Priest of Wu Jian.
             Slain by a death yak (22 damage)
             ... on level 2 of the Lair of Beasts.
             The game lasted 00:25:48 (11130 turns).

Bruhh the Fighter (Ogre Fighter)                   Turns: 11130, Time: 00:25:49

Health: -1/131     AC: 10    Str: 33    XL:     12   Next: 1%
Magic:  0/4        EV: 13    Int:  7    God:    Wu Jian [***...]
Gold:   667        SH:  0    Dex: 10    Spells: 11/11 levels left

rFire   . . .      SeeInvis .   r - +8 Wrath of Trog {antimagic, *Rage Rampage}
rCold   + . .      Faith    .   (shield currently unavailable)
rNeg    . . .      Spirit   +   J - +0 robe of Mutualism {Regen+ Str+6 Int-2 Dex+2}
rPois   .          Reflect  .   (helmet restricted)
rElec   .          Harm     .   s - +2 cloak
rCorr   .          Rampage  +   (gloves unavailable)
Will    +....      Rage     50% (boots unavailable)
Stlth   +.........              G - amulet of guardian spirit
HPRegen 1.11/turn               e - +4 ring of protection
MPRegen 0.09/turn               o - ring of protection from cold

@: on berserk cooldown, hasted, very quick
A: large, unfitting armour, tough skin 1
a: Renounce Religion, Wall Jump, Serpent's Lash


You were on level 2 of the Lair of Beasts.
You worshipped Wu Jian.
Wu Jian was most pleased with you.
You visited 3 branches of the dungeon, and saw 12 of its levels.
You also visited: Ossuary.

You collected 667 gold pieces.

Inventory:

Hand Weapons
 a - a +0 war axe
 d - a +0 giant spiked club
 r - the +8 Wrath of Trog (weapon) {antimagic, *Rage Rampage}
   (You acquired it on level 1 of the Lair of Beasts)

   It reduces the magical energy of the wielder, and disrupts the spells and
   magical abilities of those it strikes.
   Natural abilities and divine invocations are not affected.
   It causes slowness and exhaustion when equipped.
   It extends the wielder's berserk rage when killing foes.
   *Rage:     It berserks you when you make melee attacks (+50% chance).
   Rampage:   It bestows one free step when moving towards enemies.
 v - a +0 broad axe
Missiles
 p - a throwing net (quivered)
Armour
 b - a +0 robe
 c - a +0 kite shield
 s - a +2 cloak (worn)
 J - the +0 robe of Mutualism (worn) {Regen+ Str+6 Int-2 Dex+2}
   (You found it on level 7 of the Dungeon)

   Str:       It affects your strength (+6).
   Int:       It affects your intelligence (-2).
   Dex:       It affects your dexterity (+2).
   Regen:     It increases your rate of health regeneration.
Jewellery
 e - a +4 ring of protection (left hand)
 g - an amulet of the acrobat
 o - a ring of protection from cold (right hand)
 x - a ring of fire
 G - an amulet of guardian spirit (around neck)
Wands
 u - a wand of acid (13)
 M - a wand of charming (3)
Scrolls
 i - 5 scrolls of magic mapping
 j - 5 scrolls of enchant armour
 m - 2 scrolls of fear
 n - a scroll of torment
 q - 3 scrolls of vulnerability
 t - 2 scrolls of immolation
 y - 4 scrolls of enchant weapon {unknown}
 H - 2 scrolls of brand weapon {unknown}
 I - a scroll of amnesia {unknown}
 L - 6 scrolls of teleportation
Potions
 h - 2 potions of curing {unknown}
 k - a potion of resistance {unknown}
 l - 2 potions of berserk rage {unknown}
 w - 2 potions of haste
 z - 2 potions of magic
 A - a potion of flight {unknown}
 C - 2 potions of brilliance {unknown}
 D - 2 potions of mutation {unknown}
 E - a potion of ambrosia {unknown}
 K - a potion of lignification {unknown}
 N - a potion of attraction {unknown}
 O - a potion of invisibility {unknown}


   Skills:
 + Level 11.7 Fighting
 - Level 11.0 Axes
 - Level 11.0 Dodging
 - Level 7.2 Shields


You had 11 spell levels left.
You didn't know any spells.
Your spell library contained the following spells:

 Spells                   Type           Power      Damage    Failure   Level
 Sandblast                Erth           0%         2d4       43%         1
 Sting                    Tmut/Pois      0%         1d3       43%         1
 Passwall                 Tmut/Erth      0%         N/A       56%         2
 Poisonous Vapours        Pois/Air       0%         N/A       56%         2
 Sublimation of Blood     Necr           0%         N/A       56%         2
 Gell's Gravitas          Tloc           0%         N/A       80%         3
 Stone Arrow              Conj/Erth      0%         3d7       80%         3
 Teleport Other           Tloc           0%         N/A       80%         3
 Anguish                  Hex/Necr       0%         N/A       99%         4
 Olgreb's Toxic Radiance  Pois           0%         N/A       99%         4
 Petrify                  Tmut/Erth      0%         N/A       99%         4
 Irradiate                Conj/Tmut      0%         3d13      100%        5
 Dispersal                Tloc           0%         N/A       100%        6
 Enfeeble                 Hex            0%         N/A       100%        7


Dungeon Overview and Level Annotations

Branches:
Dungeon (9/15)             Temple (1/1) D:7            Lair (2/6) D:9
    Orc (0/2) D:9         Ossuary (visited)
  Swamp: Lair:2-4    Shoals: Lair:2-4     Snake: Lair:2-4    Spider: Lair:2-4

Altars:
Ashenzari
Cheibriados
Dithmenos
Elyvilon
Fedhas
Hepliaklqana
Kikubaaqudgha
Makhleb
Nemelex Xobeh
Okawaru
Qazlal
Ru
Sif Muna
Trog
Uskayaw
Vehumet
Wu Jian
Xom
Yredelemnul
Zin
The Shining One

Shops:
D:4 ?


Innate Abilities, Weirdness & Mutations

You are too large for most types of armour.
You have tough skin. (AC +1)


Message History

Your Dodging skill increases to level 11!
You barely miss the rime drake.
The rime drake is heavily wounded.
You feel sick. The rime drake barely misses you. The rime drake bites you.
You barely miss the rime drake.
The rime drake is heavily wounded.
You feel sick. The rime drake barely misses you.
The rime drake breathes ice at you. The flash freeze hits you!!
You partially resist.
You are encased in ice.
You slash the rime drake!
The rime drake is almost dead.
You feel sick.
You are no longer poisoned.
The rime drake misses you.
The rime drake bites you but does no damage. x2
You slice the rime drake!!
You kill the rime drake!
The Council accepts your kill. The ice encasing you melts away.
You have reached level 12!
You feel stronger.
Okay, then.
Okay, then.
The sentinel's mark upon you fades away.
The death yak gores you.
You see here a rime drake corpse.
Blink to where?
Press: ? - help, Dir - move target
As you read the scroll of blinking, it crumbles to dust.
The death yak gores you!!
* * * LOW HITPOINT WARNING * * *
The death yak attacks as you move away! The death yak gores you!
* * * LOW HITPOINT WARNING * * *
The death yak gores you!
* * * LOW HITPOINT WARNING * * *
You feel yourself speed up.
You feel yourself speed up. The death yak gores you!!
You die...

#.# ## #..# #.##.#..# #..#
#.#.# ..## #..# ## ###..#
#.. #.## .#.###.†..####.#
#.# .....#..##..##.# ##.##
#.††###.....## #...#
.####...##.#.#.l### #..##
...............Y@.#####..#
......>...####.##...P.#..#
#......#### ####........##
..###### ##P####...# ..
### #####


P You could see a death yak and a basilisk.

Vanquished Creatures
  A death yak (Lair:1)
  A manticore (D:8)
  A black mamba (Lair:1)
  5 cane toads
  Maggie (Lair:1)
  2 rime drakes (Lair:2)
  5 komodo dragons
  Grinder (D:4)
  3 wyverns (D:9)
  17 yaks
  Eustachio (D:5)
  A warg (D:9)
  A steam dragon (D:9)
  Duvessa (D:4)
  11 water moccasins
  2 ice beasts (D:6)
  A sky beast (D:7)
  3 orc warriors (D:9)
  2 ogres
  3 centaurs
  2 phantoms (D:5)
  9 bullfrogs
  A kobold brigand (D:8)
  A gnoll sergeant (D:9)
  2 necrophages
  2 scorpions
  A water moccasin zombie (Ossuary)
  3 wights (D:8)
  Dowan (D:4)
  2 howler monkeys
  2 electric eels (D:8)
  6 hounds
  3 jellies
  4 orc priests
  A gnoll shaman (D:5)
  Crazy Yiuf (D:4)
  Jessica (D:3)
  5 iguanas
  7 orc wizards
  2 mummies (Ossuary)
  2 hound skeletons (D:3)
  A howler monkey zombie (D:3)
  8 gnolls
  9 adders
  2 shadow imps
  A white imp (D:7)
  An ufetubus (D:5)
  6 adder zombies
  An adder skeleton (D:3)
  2 worms
  A dart slug (D:3)
  20 orcs
  7 endoplasms
  4 giant cockroaches
  3 gnoll zombies (Ossuary)
  5 goblins
  7 hobgoblins
  2 jackals (D:2)
  17 kobolds
  3 quokkas
  3 ball pythons
  2 bats (D:2)
  4 frilled lizards
  7 hobgoblin zombies (Ossuary)
  5 kobold zombies (Ossuary)
  4 orc zombies (Ossuary)
  A quokka skeleton (D:3)
  A rat (D:1)
248 creatures vanquished.

Vanquished Creatures (others)
  8 fungi
  18 plants
  4 withered plants (D:3)
30 creatures vanquished.

Grand Total: 278 creatures vanquished

Notes
Turn   | Place    | Note
-------+----------+-------------------------------------------
     0 | D:1      | Bruhh the Ogre Fighter began the quest for the Orb.
     0 | D:1      | Reached XP level 1. HP: 24/24 MP: 1/1
   281 | D:1      | Reached XP level 2. HP: 24/33 MP: 2/2
   388 | D:1      | Found a faded altar of an unknown god.
   735 | D:2      | Reached skill level 5 in Fighting
   740 | D:2      | Reached XP level 3. HP: 26/42 MP: 3/3
  1505 | D:3      | Reached XP level 4. HP: 52/53 MP: 4/4
  1909 | D:3      | Reached XP level 5. HP: 39/62 MP: 5/5
  2090 | D:3      | Found a faded altar of an unknown god.
  2092 | D:3      | Found a hazy altar of Hepliaklqana.
  2248 | D:3      | Noticed Jessica
  2266 | D:3      | Killed Jessica
  2508 | D:4      | Noticed an ogre
  2513 | D:4      | Killed an ogre
  2514 | D:4      | Reached XP level 6. HP: 69/75 MP: 6/6
  2973 | D:4      | Noticed Grinder
  2987 | D:4      | Killed Grinder
  2988 | D:4      | Reached skill level 10 in Fighting
  2988 | D:4      | Reached XP level 7. HP: 43/87 MP: 7/7
  3221 | D:4      | Found Zeso's Magic Scroll Boutique.
  3251 | D:4      | Noticed Duvessa
  3252 | D:4      | Noticed Dowan
  3260 | D:4      | Killed Dowan
  3261 | D:4      | Killed Duvessa
  3543 | D:4      | Found a runed translucent door.
  3544 | D:4      | Noticed Crazy Yiuf
  3736 | D:4      | Killed Crazy Yiuf
  3917 | D:5      | Entered Level 5 of the Dungeon
  4294 | D:5      | Reached XP level 8. HP: 73/93 MP: 8/8
  4488 | D:5      | Reached skill level 5 in Axes
  4490 | D:5      | Found a basalt altar of Yredelemnul.
  4557 | D:5      | Found a sand-covered staircase.
  4582 | Ossuary  | Entered an ossuary
  4983 | D:5      | Noticed Eustachio
  5024 | D:5      | Killed Eustachio
  5522 | D:5      | Found a shimmering altar of Xom.
  5580 | D:6      | Reached XP level 9. HP: 97/105 MP: 9/9
  5707 | D:6      | Found a glowing silver altar of Zin.
  5737 | D:6      | Found a blossoming altar of Fedhas.
  6683 | D:7      | Found a staircase to the Ecumenical Temple.
  6698 | Temple   | Entered the Ecumenical Temple
  6916 | Temple   | Became a worshipper of the Wu Jian Council
  7294 | D:7      | Found a hide-covered altar of Uskayaw.
  7373 | D:7      | Reached skill level 10 in Axes
  7478 | D:7      | Identified the +0 robe of Mutualism {Regen+ Str+6 Int-2
                  | Dex+2}
  7776 | D:8      | Found a burning altar of Makhleb.
  7846 | D:8      | Noticed a boulder beetle
  7939 | D:8      | Reached * piety under Wu Jian
  8035 | D:8      | Noticed a manticore
  8054 | D:8      | Killed a manticore
  8055 | D:8      | Reached skill level 5 in Dodging
  8055 | D:8      | Reached XP level 10. HP: 34/113 MP: 0/10
  8526 | D:9      | Found a staircase to the Lair.
  8730 | D:9      | Found a staircase to the Orcish Mines.
  8756 | D:9      | Reached ** piety under Wu Jian
  9411 | Lair:1   | Entered Level 1 of the Lair of Beasts
  9468 | Lair:1   | Noticed a cane toad
  9504 | Lair:1   | Killed a cane toad
  9505 | Lair:1   | Reached XP level 11. HP: 120/120 MP: 9/11
  9716 | Lair:1   | Reached skill level 5 in Shields
  9764 | Lair:1   | Identified the +3 long sword of Vellua {freeze, +Blink
                  | rPois SInv}
  9937 | Lair:1   | Noticed Maggie
  9950 | Lair:1   | Killed Maggie
  9951 | Lair:1   | Reached skill level 10 in Dodging
 10619 | Lair:2   | Noticed a death yak
 10619 | Lair:2   | Noticed a death yak
 10619 | Lair:2   | Noticed a death yak
 10620 | Lair:2   | Noticed a death yak
 10620 | Lair:2   | Noticed a death yak
 10622 | Lair:2   | Noticed a death yak
 10653 | Lair:1   | Killed a death yak
 10967 | Lair:1   | Identified a scroll of acquirement
 10967 | Lair:1   | Acquired the +8 Wrath of Trog {antimagic, *Rage Rampage}
 10967 | Lair:1   | Found the +8 Wrath of Trog {antimagic, *Rage Rampage}
 11099 | Lair:2   | Reached *** piety under Wu Jian
 11121 | Lair:2   | Reached XP level 12. HP: 44/131 MP: 2/12
 11130 | Lair:2   | Slain by a death yak

Illustrated notes

Levels and vault maps discovered:
D:1:      psy_arrival_radial02, layout_basic,
          shapermc_ecumenical_altar_mp_ritualfount, item_on_display_a
D:2:      layout_rooms, minmay_tiny_reverse_x
D:3:      layout_basic, beargit_hepliaklqana_dungeon_heroes, serial_undead,
          serial_undead_f, serial_undead_f, serial_undead_b, serial_undead_b,
          serial_undead_d, serial_undead_b, serial_undead_c, serial_undead_b,
          uniq_jessica
D:4:      layout_loops_ring, serial_shops, nicolae_diamond_shop,
          uniq_crazy_yiuf_cottage, uniq_grinder, uniq_duvessa
D:5:      layout_rooms, mainiacjoe_overflow_surrounded_room,
          yredelemnul_altar_generic, lightli_ossuary_entry_decrepit_ruins,
          cheibrodos_sewer_entry_bend, uniq_eustachio
D:6:      layout_basic, mainiacjoe_overflow_catch_the_wave
D:7:      layout_basic, lemuel_crystal_altar, minmay_temple_entry_glassed_door,
          minmay_misc_feat_doors
D:8:      layout_rooms, mainiacjoe_overflow_catwalk, grunt_decor_fettered,
          kennysheep_island_fort
D:9:      layout_long_grid, minmay_lair_entry_grove, david_orc_1_choice,
          hangedman_decor_clover_reticule
Temple:   eino_narrow_crystal_temple
Lair:1:   layout_long_grid, uniq_maggie
Lair:2:   layout_loops_ring, spider_nest_entry_webs

Skill      XL: |  1  2  3  4  5  6  7  8  9 10 11 |
---------------+----------------------------------+-----
Fighting       | 5 6 7 9 10 11 | 11.7
Axes           | 4 8 11 | 11.0
Dodging        | 5 9 11 | 11.0
Shields        | 7 |  7.2

Action                   |  1- 3 |  4- 6 |  7- 9 | 10-12 || total
-------------------------+-------+-------+-------+-------++-------
Melee: War axe           |    69 |   133 |    64 |       ||   266
       Broad axe         |       |       |   320 |   285 ||   605
       Battleaxe         |       |       |       |    21 ||    21
Invok: Lunge             |       |       |     7 |    11 ||    18
       Whirlwind         |       |       |       |     3 ||     3
  Use: Potion            |       |       |     7 |     4 ||    11
       Scroll            |       |       |     3 |     7 ||    10
Armor: Robe              |    41 |    59 |   205 |   111 ||   416
Dodge: Dodged            |    34 |    55 |   171 |   148 ||   408
Block: Kite shield       |    28 |    54 |   162 |   128 ||   372

Table legend: (Time is in decaauts)
 A = Elapsed time spent in this place.
 B = Non-inter-level travel time spent in this place.
 C = Inter-level travel time spent in this place.
 D = Time resting spent in this place.
 E = Time spent auto-exploring this place.
 F = Levels seen in this place.
 G = Mean time per level.
                   A        B        C        D        E       F      G
               +--------+--------+--------+--------+--------+-----+--------+
         Total |  11453 |  10999 |    454 |    637 |   8240 |  13 |  881.0 |
       Dungeon |   9161 |   8785 |    376 |    346 |   6895 |   9 | 1017.9 |
        Temple |    233 |    193 |     40 |      0 |    185 |   1 |  233.0 |
          Lair |   1772 |   1734 |     38 |    291 |    994 |   2 |  886.0 |
       Ossuary |    286 |    286 |      0 |      0 |    166 |   1 |  286.0 |
               +--------+--------+--------+--------+--------+-----+--------+

Top non-repeatable levels by time:
     D:4: 1868 daAuts
  Lair:1: 1497 daAuts
     D:5: 1098 daAuts
     D:6: 1049 daAuts
     D:9: 1040 daAuts
     D:3: 1000 daAuts
     D:7: 879 daAuts
     D:2: 794 daAuts
     D:1: 740 daAuts
     D:8: 690 daAuts
 Ossuary: 286 daAuts
  Lair:2: 275 daAuts
  Temple: 233 daAuts
